BSA
MAUI TROPICS @ SAN FRANCISCO BANDITS
10/03/2025
 
TOP OF THE 1ST
Maui Tropics batting - Pitching for San Francisco Bandits : RHP Mabuchi Yoshida
Pitching: RHP Mabuchi Yoshida
Batting: LHB Javier Espinoza 0-0: Ball
1-0: Foul Ball, location: 2F
1-1: Ball
2-1: Ground out 5-3 (Groundball, 5S)
Batting: RHB Jesús Espinoza 0-0: Ball
1-0: Ground out 6-3 (Groundball, 6)
Batting: LHB Anacleto Morillo 0-0: Called Strike
0-1: Ball
1-1: Ball
2-1: Ball
3-1: Ground out 6-3 (Groundball, 6M)
Top of the 1st over - 0 run(s), 0 hit(s), 0 error(s), 0 left on base; Maui 0 - San Francisco 0
BOTTOM OF THE 1ST
San Francisco Bandits batting - Pitching for Maui Tropics : LHP Kent Robinson
Pitching: LHP Kent Robinson
Batting: RHB Pete Rideout 0-0: Called Strike
0-1: Ball
1-1: Ball
2-1: Foul Ball, location: 2F
2-2: Fly out, F7 (Flyball, 7LM)
Batting: LHB John Peterson 0-0: Foul Ball, location: 2F
0-1: Called Strike
0-2: Ball
1-2: Foul Ball, location: 2F
1-2: Ball
2-2: Fly out, F5 (Popup, 5DF)
Batting: RHB Jorge Morales 0-0: Foul Ball, location: 2F
0-1: Ball
1-1: Called Strike
1-2: Ball
2-2: Foul Ball, location: 2F
2-2: SINGLE (Line Drive, 6MD)
Batting: RHB Michael Elliott 0-0: Called Strike
0-1: Fly out, F8 (Flyball, 89S)
Bottom of the 1st over - 0 run(s), 1 hit(s), 0 error(s), 1 left on base; Maui 0 - San Francisco 0
TOP OF THE 2ND
Maui Tropics batting - Pitching for San Francisco Bandits : RHP Mabuchi Yoshida
Batting: LHB Luis Antonio Torres 0-0: Called Strike
0-1: Ball
1-1: Ball
2-1: Ball
3-1: SINGLE (Flyball, 9S)
Batting: LHB Henry Huffman 0-0: Ball
1-0: Foul Ball, location: 2F
1-1: Grounds into double play, 4-6-3 (Groundball, 4)
Batting: RHB Jeff Packard 0-0: Swinging Strike
0-1: Swinging Strike
0-2: Foul Ball, location: 2F
0-2: Ball
1-2: Strikes out swinging
Top of the 2nd over - 0 run(s), 1 hit(s), 0 error(s), 0 left on base; Maui 0 - San Francisco 0
BOTTOM OF THE 2ND
San Francisco Bandits batting - Pitching for Maui Tropics : LHP Kent Robinson
Batting: RHB Dale Taylor 0-0: Foul Ball, location: 2F
0-1: Foul Ball, location: 2F
0-2: Ball
1-2: Foul Ball, location: 2F
1-2: Foul Ball, location: 2F
1-2: DOUBLE (Flyball, 7LS)
Batting: SHB Vicente Ricks 0-0: Called Strike
0-1: Ground out 2-3 (Groundball, 23)
Dale Taylor to third
Batting: RHB Susumu Sugiyama 0-0: Ball
1-0: Called Strike
1-1: Ground out U3 (Groundball, 3)
Batting: RHB Scott Merritt 0-0: Ball
1-0: Fly out, F8 (Flyball, 8RS)
Bottom of the 2nd over - 0 run(s), 1 hit(s), 0 error(s), 1 left on base; Maui 0 - San Francisco 0
TOP OF THE 3RD
Maui Tropics batting - Pitching for San Francisco Bandits : RHP Mabuchi Yoshida
Batting: RHB Ximena Campos 0-0: Ground out 4-3 (Groundball, 13)
Batting: RHB Eugene Gill 0-0: Foul Ball, location: 2F
0-1: Ball
1-1: Ground out 6-3 (Groundball, 6M)
Batting: LHB Mario Olivares 0-0: Reached on Error, E6 (Popup, 6M)
Batting: LHB Javier Espinoza 0-0: Ball
1-0: Ball
2-0: Ground out 5-3 (Groundball, 56)
Top of the 3rd over - 0 run(s), 0 hit(s), 1 error(s), 1 left on base; Maui 0 - San Francisco 0
BOTTOM OF THE 3RD
San Francisco Bandits batting - Pitching for Maui Tropics : LHP Kent Robinson
Batting: RHB Kyle Williams 0-0: Ground out 3-1 (Groundball, 34)
Batting: RHB Pete Rideout 0-0: Foul Ball, location: 2F
0-1: Ball
1-1: Ball
2-1: Ball
3-1: Swinging Strike
3-2: Foul Ball, location: 2F
3-2: Fly out, F6 (Popup, 6M)
Batting: LHB John Peterson 0-0: Ball
1-0: Ground out 4-3 (Groundball, 4)
Bottom of the 3rd over - 0 run(s), 0 hit(s), 0 error(s), 0 left on base; Maui 0 - San Francisco 0
TOP OF THE 4TH
Maui Tropics batting - Pitching for San Francisco Bandits : RHP Mabuchi Yoshida
Batting: RHB Jesús Espinoza 0-0: Ground out 6-3 (Groundball, 6)
Batting: LHB Anacleto Morillo 0-0: Ball
1-0: Ball
2-0: Reached on error, E5 (Groundball, 56)
Batting: LHB Luis Antonio Torres 0-0: Called Strike
0-1: Swinging Strike
0-2: Strikes out looking
Batting: LHB Henry Huffman 0-0: Ball
1-0: Ball
2-0: Ball
3-0: Base on Balls
Anacleto Morillo to second
Batting: RHB Jeff Packard 0-0: Ball
1-0: Called Strike
1-1: Swinging Strike
1-2: Ball
2-2: Fly out, F9 (Flyball, 9S)
Top of the 4th over - 0 run(s), 0 hit(s), 1 error(s), 2 left on base; Maui 0 - San Francisco 0
BOTTOM OF THE 4TH
San Francisco Bandits batting - Pitching for Maui Tropics : LHP Kent Robinson
Batting: RHB Jorge Morales 0-0: Foul Ball, location: 2F
0-1: Ball
1-1: Fly out, F4 (Popup, 4D)
Batting: RHB Michael Elliott 0-0: Foul Ball, location: 2F
0-1: SINGLE (Line Drive, 6)
Batting: RHB Dale Taylor 0-0: Ball
1-0: Fly out, F7 (Line Drive, 7M)
Batting: SHB Vicente Ricks 0-0: Ground out 5-3 (Groundball, 56)
Bottom of the 4th over - 0 run(s), 1 hit(s), 0 error(s), 1 left on base; Maui 0 - San Francisco 0
TOP OF THE 5TH
Maui Tropics batting - Pitching for San Francisco Bandits : RHP Mabuchi Yoshida
Batting: RHB Ximena Campos 0-0: Ball
1-0: Swinging Strike
1-1: Called Strike
1-2: Foul Ball, location: 2F
1-2: Strikes out swinging
Batting: RHB Eugene Gill 0-0: Foul Ball, location: 2F
0-1: Ball
1-1: Ball
2-1: Ball
3-1: Called Strike
3-2: Base on Balls
Batting: LHB Mario Olivares 0-0: Called Strike
0-1: SINGLE (Groundball, 5D)
Eugene Gill to second
Batting: LHB Javier Espinoza 0-0: Foul Ball, location: 2F
0-1: Called Strike
0-2: Grounds into double play, 6-4-3 (Groundball, 6M)
Top of the 5th over - 0 run(s), 1 hit(s), 0 error(s), 1 left on base; Maui 0 - San Francisco 0
BOTTOM OF THE 5TH
San Francisco Bandits batting - Pitching for Maui Tropics : LHP Kent Robinson
Batting: RHB Susumu Sugiyama 0-0: Fly out, F9 (Flyball, 9S)
Batting: RHB Scott Merritt 0-0: Ground out 5-3 (Groundball, 5)
Batting: RHB Kyle Williams 0-0: Swinging Strike
0-1: Ball
1-1: Ball
2-1: Foul Ball, location: 2F
2-2: SINGLE (Groundball, 5D)
Batting: RHB Pete Rideout 0-0: Called Strike
0-1: SINGLE (Groundball, 6)
Kyle Williams to second
Batting: LHB John Peterson 0-0: TRIPLE (Flyball, 8RXD)
Kyle Williams scores
Pete Rideout scores
Batting: RHB Jorge Morales 0-0: Ball
1-0: Ball
2-0: Swinging Strike
2-1: Ball
3-1: Base on Balls
Batting: RHB Michael Elliott 0-0: Foul Ball, location: 2F
0-1: Foul Ball, location: 2F
0-2: Fielders Choice at 2nd, 6-4 (Groundball, 56)
Bottom of the 5th over - 2 run(s), 3 hit(s), 0 error(s), 1 left on base; Maui 0 - San Francisco 2
TOP OF THE 6TH
Maui Tropics batting - Pitching for San Francisco Bandits : RHP Mabuchi Yoshida
Batting: RHB Jesús Espinoza 0-0: Ball
1-0: Foul Ball, location: 2F
1-1: Ball
2-1: Foul Ball, location: 2F
2-2: Ground out 6-3 (Groundball, 6)
Batting: LHB Anacleto Morillo 0-0: Ball
1-0: Ball
2-0: Ground out 4-3 (Groundball, 4)
Batting: LHB Luis Antonio Torres 0-0: Called Strike
0-1: Ball
1-1: SINGLE (Groundball, 13) (infield hit)
Batting: LHB Henry Huffman 0-0: Called Strike
0-1: SINGLE (Line Drive, 34D)
Luis Antonio Torres to second
Batting: RHB Jeff Packard 0-0: Ball
1-0: Ball
2-0: Ball
3-0: Base on Balls
Luis Antonio Torres to third
Henry Huffman to second
Batting: RHB Ximena Campos 0-0: Called Strike
0-1: Ball
1-1: Ball
2-1: Foul Ball, location: 2F
2-2: Strikes out swinging
Top of the 6th over - 0 run(s), 2 hit(s), 0 error(s), 3 left on base; Maui 0 - San Francisco 2
BOTTOM OF THE 6TH
San Francisco Bandits batting - Pitching for Maui Tropics : LHP Kent Robinson
Batting: RHB Dale Taylor 0-0: Ball
1-0: Foul Ball, location: 2F
1-1: DOUBLE (Flyball, 8LXD)
Batting: SHB Vicente Ricks 0-0: Ball
1-0: Foul Ball, location: 2F
1-1: Foul Ball, location: 2F
1-2: Ground out 6-3 (Groundball, 6)
Batting: RHB Susumu Sugiyama 0-0: Intentional Walk
Batting: RHB Scott Merritt 0-0: Fly out, F9 (Flyball, 9S)
Batting: RHB Kyle Williams 0-0: Ball
1-0: Ground out 6-3 (Groundball, 6)
Bottom of the 6th over - 0 run(s), 1 hit(s), 0 error(s), 2 left on base; Maui 0 - San Francisco 2
TOP OF THE 7TH
Maui Tropics batting - Pitching for San Francisco Bandits : RHP Mabuchi Yoshida
Batting: RHB Eugene Gill 0-0: Fly out, F8 (Flyball, 89XD)
Batting: LHB Mario Olivares 0-0: Foul Ball, location: 2F
0-1: Ground out 4-3 (Groundball, 4)
Batting: LHB Javier Espinoza 0-0: Ball
1-0: Ball
2-0: Ball
3-0: Called Strike
3-1: Foul Ball, location: 2F
3-2: Base on Balls
Batting: RHB Jesús Espinoza 0-0: Ball
1-0: Ball
2-0: Fielders Choice at 2nd, U4 (Groundball, 4M)
Top of the 7th over - 0 run(s), 0 hit(s), 0 error(s), 1 left on base; Maui 0 - San Francisco 2
BOTTOM OF THE 7TH
San Francisco Bandits batting - Pitching for Maui Tropics : LHP Kent Robinson
Batting: RHB Pete Rideout 0-0: Swinging Strike
0-1: Ball
1-1: Ball
2-1: Foul Ball, location: 2F
2-2: Fly out, F6 (Popup, 6)
Batting: LHB John Peterson 0-0: Fly out, F2 (Popup, 23F)
Batting: RHB Jorge Morales 0-0: Ball
1-0: Ball
2-0: Foul Ball, location: 2F
2-1: Ground out 4-3 (Groundball, 4)
Bottom of the 7th over - 0 run(s), 0 hit(s), 0 error(s), 0 left on base; Maui 0 - San Francisco 2
TOP OF THE 8TH
Maui Tropics batting - Pitching for San Francisco Bandits : RHP Mabuchi Yoshida
Batting: LHB Anacleto Morillo 0-0: Ball
1-0: Ground out 4-3 (Groundball, 34)
Batting: LHB Luis Antonio Torres 0-0: SINGLE (Groundball, 25) (infield hit)
Batting: LHB Henry Huffman 0-0: Ball
1-0: Ball
2-0: Ball
3-0: Called Strike
3-1: SINGLE (Line Drive, 89S)
Luis Antonio Torres to second
Pinch Runner at 2nd Richard Bankhead:
Pinch Hitting: LHB Doyle Otterburn 0-0: Ball
1-0: Reached on error, E3 (Groundball, 34)
Richard Bankhead scores
Henry Huffman to third
Batting: RHB Ximena Campos 0-0: Ball
1-0: Ball
2-0: Ball
3-0: Base on Balls
Pitching: RHP Pedro Castillo
Batting: RHB Eugene Gill 0-0: Ball
1-0: Fly out, F9 (Flyball, 89M)
Runner from 3rd tags up, SCORES, throw made
Batting: LHB Mario Olivares 0-0: Ball
1-0: Swinging Strike
1-1: Fly out, F7 (Flyball, 78S)
Top of the 8th over - 2 run(s), 2 hit(s), 1 error(s), 2 left on base; Maui 2 - San Francisco 2
BOTTOM OF THE 8TH
San Francisco Bandits batting - Pitching for Maui Tropics : LHP Kent Robinson
Now at 1B: Doyle Otterburn
Now in RF: Richard Bankhead
Batting: RHB Michael Elliott 0-0: Ball
1-0: SOLO HOME RUN (Flyball, 78XD), Distance : 366 ft
Batting: RHB Dale Taylor 0-0: Ground out 6-3 (Groundball, 6)
Batting: SHB Vicente Ricks 0-0: Swinging Strike
0-1: Foul Ball, location: 2F
0-2: Ball
1-2: Fly out, F6 (Popup, 5D)
Batting: RHB Susumu Sugiyama 0-0: Ball
1-0: Foul Ball, location: 2F
1-1: Fly out, F8 (Line Drive, 8LM)
Bottom of the 8th over - 1 run(s), 1 hit(s), 0 error(s), 0 left on base; Maui 2 - San Francisco 3
TOP OF THE 9TH
Maui Tropics batting - Pitching for San Francisco Bandits : RHP Pedro Castillo
Pitching: RHP José Rivera
Now at 1B: Sadao Kato
Batting: LHB Javier Espinoza 0-0: Ball
1-0: Called Strike
1-1: Swinging Strike
1-2: Ground out 3-1 (Groundball, 34)
Batting: RHB Jesús Espinoza 0-0: Ball
1-0: Ball
2-0: Ball
3-0: Called Strike
3-1: Foul Ball, location: 2F
3-2: Strikes out swinging
Batting: LHB Anacleto Morillo 0-0: Ground out 6-3 (Groundball, 6M)
Top of the 9th over - 0 run(s), 0 hit(s), 0 error(s), 0 left on base; Maui 2 - San Francisco 3
This league is powered by Out of the Park Baseball, the baseball management simulation game for PC, Mac and Linux
Tuesday, August 2nd, 2016 - OOTP Baseball 16.8 Build 38